[Event "Late-Titled-Tuesday-Blitz-March-12-2024"]
[Site "Chess.com"]
[Date "2024.03.12"]
[Round "6"]
[White "NMJeevanK"]
[Black "artin10862"]
[Result "0-1"]
[WhiteElo "2616"]
[BlackElo "2890"]
[TimeControl "180+1"]
[EndTime "15:07:39 PDT"]
[Termination "artin10862 won by resignation"]

1. e4 e5 2. Nf3 Nc6 3. Bc4 Nf6 4.
d3 Bc5 5. O-O d6 6. h3 h6 7. c3 O-O 8. a4 a6 9. b4 Ba7 10. Nbd2 Ne7 11. Re1 Be6 12. Qb3 Qd7 13.
Bxe6 fxe6 14. d4 exd4 15. Nxd4 Rf7 16. Nxe6 Ng4 17. hxg4 Bxf2+ 18. Kf1 Bxe1+ 19. Kxe1 d5 20. Nd4 Qxg4 21. N2f3 Qxg2 22. Ra2 Qh1+ 23. Kd2 Rxf3 24. Nxf3 Qxf3 25. exd5 Qxd5+ 26. Qxd5+ Nxd5 27. Kd3 Rd8 28. Kc4 g5 29. Rh2 Kg7 30. a5 Kg6 31. Kc5 Nxc3 32.
Bb2 Na4+ 33. Kc4 Nxb2+ 34. Rxb2 g4 35. b5 axb5+ 36. Rxb5 g3 37. Rb3 h5 38. Rxg3+ Kf5 39. Rg7 Rc8 40. Kd3 h4 41. Ke2 Ke4 42. Rg4+ Kd5 43.
Rxh4 Kc5 44. Kd3 Kb5 45. Rh5+ Kb4 46. Rh4+ Kxa5 47. Kc4 Kb6 48. Rh6+ Ka7 49. Kb5 Kb8 50.
Rh7 Rd8 51. Rh5 Rd6 52. Rh7 Rd5+ 53. Kc4 c6 54. Rg7 Ka7 55. Rf7 Kb6 56. Rf2 Rb5 57.
Ra2 Ra5 58. Rb2+ Kc7 59. Kd4 Ra4+ 60. Kc3 b5 61. Rg2 Kb6 62. Kb3 Rf4 63. Rg8 Rf3+ 64. Kb2 Kc5 65. Rg4 Rd3 66. Rf4 Rd4 67. Rf6 Rd6 68. Rf4 b4 69. Kb3 Rd3+ 70. Kc2 Rc3+ 71.
Kb2 Kb5 72. Rf5+ c5 73. Rf8 Rg3 74. Rb8+ Kc4 75. Rf8 Rg2+ 76. Kb1 Rd2 77. Rf3 Rd3 78. Rf4+ Kb3 79. Rf1 c4 80. Ka1 c3 81. Rb1+ Kc4 82. Rh1 b3 83. Rh4+ Rd4 84. Rh1 Kb4 85. Rg1 Ka3 86.
Kb1 c2+ 87. Kc1 Rd1+ 88. Rxd1 cxd1=Q+ 0-1

[Event "Late-Titled-Tuesday-Blitz-March-12-2024"]
[Site "Chess.com"]
[Date "2024.03.12"]
[Round "6"]
[White "ChessFanNM"]
[Black "m_ezat"]
[Result "1/2-1/2"]
[WhiteElo "2263"]
[BlackElo "2627"]
[TimeControl "180+1"]
[EndTime "15:07:51 PDT"]
[Termination "Game drawn - insufficient material"]

1. Nf3 Nf6 2. c4 c5 3. e3 d5 4. d4 cxd4 5. exd4 Nc6 6. cxd5 Nxd5 7. Nc3 Bg4 8. Qb3 Bxf3 9. gxf3 Nb6 10. d5 Nd4 11.
Bb5+ Nd7 12. Qa4 Nxb5 13. Qxb5 g6 14. O-O Bg7 15. Re1 O-O 16. Bg5 Re8 17. Re3 h6 18. Bh4 Nf6 19. Rae1 b6 20. Bg3 Rc8 21. Qa6 Qd7 22.
a4 Nh5 23. d6 exd6 24. Rxe8+ Rxe8 25. Rxe8+ Qxe8 26. Qxa7 Bd4 27. Kg2 f5 28. Qb7 Qe6 29. Qd5 Qxd5 30. Nxd5 Nxg3 31. hxg3 Kf7 32. b3 Ke6 33.
Nc7+ Kd7 34. Nb5 Bb2 35. f4 Kc6 36. Kf3 Kc5 37. Ke3 d5 38. Kd3 Bf6 39. f3 Bb2 40.
Kc2 Bg7 41. Kd3 Bf8 42. Kc3 Be7 43. Kd3 Bd8 44. Kc3 Bf6+ 45. Kd3 Bb2 46. Kc2 Ba1 47. Kb1 Bd4 48. Kc2 Bf2 49. g4 Be3 50. Nc7 Kd6 51. Nb5+ Kd7 52. Nc3 Kc6 53. Ne2 Bf2 54. Kd3 Kc5 55. Kc3 Be1+ 56. Kd3 fxg4 57. fxg4 h5 58. gxh5 gxh5 59. f5 Bh4 60. Nf4 Bf6 61. Nxh5 Be5 62.
f6 Kb4 63. f7 Bd6 64. Kc2 d4 65. Nf4 Bf8 66. Ne6 d3+ 67. Kxd3 Bd6 68. Kc2 b5 69. f8=Q Bxf8 70. axb5 Bd6 71. b6 Kb5 72. b7 Kb6 73. Kc3 Kxb7 74. Kc4 Kc6 75. Nd4+ Kb6 76. Nf5 Bf8 77.
Ne3 Ba3 78. Nd5+ Ka5 79. Kc3 Bd6 80. Kc4 Ka6 81. Nc3 Kb6 82. Ne4 Bf8 83. Nf6 Kc6 84. Nd5 Bd6 85. Nc3 Bf8 86. Nb5 Be7 87. Nd4+ Kb6 88. Nf5 Bf8 89. Ng3 Be7 90. Ne4 Bf8 91. Nc3 Ba3 92. b4 Bxb4 1/2-1/2

[Event "Late-Titled-Tuesday-Blitz-March-12-2024"]
[Site "Chess.com"]
[Date "2024.03.12"]
[Round "6"]
[White "newyorkmouse"]
[Black "Rutricks"]
[Result "1-0"]
[WhiteElo "2585"]
[BlackElo "2710"]
[TimeControl "180+1"]
[EndTime "15:08:03 PDT"]
[Termination "newyorkmouse won by resignation"]

1. b3 g6 2. Bb2 Nf6 3. Bxf6 exf6 4. c4 Bg7 5. Nc3 Kf8 6. g3 h6 7. Bg2 Kg8 8. e3 Kh7 9. Nge2 Re8 10. O-O c6 11. Qc2 d6 12. h4 Bf5 13.
d3 Na6 14. Nd4 Nb4 15. Qd2 Qa5 16. a3 Na6 17. h5 Bg4 18. hxg6+ fxg6 19. b4 Qc7 20. f3 Bd7 21. Kf2 f5 22. Nde2 d5 23. cxd5 cxd5 24. Nxd5 Qd6 25. f4 Bc6 26. Ndc3 Bxg2 27.
Kxg2 Rad8 28. d4 Nb8 29. Ng1 Qc6+ 30. Kf2 Nd7 31. Nf3 Nf6 32. Ne5 Rxe5 33. fxe5 Qxc3 34. Qxc3 Ne4+ 35. Kf3 Nxc3 36. Rfc1 Nd5 37. Rc4 g5 38. Rac1 h5 39. Rc8 g4+ 40. Ke2 Rd7 41. R1c5 h4 42.
e6 Rd6 43. Rxd5 Rxe6 44. Rxf5 Bxd4 45. Rh5+ Kg6 46. Rxh4 Rxe3+ 47. Kd2 Rxg3 48. Rc4 Be3+ 49. Ke2 Kg5 50. Rh8 Bb6 51. Rg8+ Kf5 52. Rf8+ Ke6 53. Rff4 Re3+ 54. Kd2 g3 55. Rg4 Rxa3 56.
Rc3 Rxc3 57. Kxc3 Kf5 58. Rg8 Kf4 59. Kd2 Kf3 60. Rf8+ Kg2 61. Ke2 Kh3 62. Kf3 Kh4 63. Rh8+ Kg5 64. Kxg3 Kf5 65. Kf3 Ke5 66. Rh4 Kd5 67.
Ke2 Kc6 68. Kd3 Kb5 69. Kc3 Bc7 70. Rh5+ Kc6 71. Kc4 a6 72. Rh6+ Bd6 73. Kd4 Kc7 74. Kc4 b5+ 75. Kb3 Kc6 76. Rh7 Kb6 77. Rh6 Kc6 78.
Rh5 Bf4 79. Rf5 Be3 80. Rf6+ Kb7 81. Rg6 Bd4 82. Kc2 Be5 83. Kd3 Bb2 84. Rg4 Kb6 85.
Ke4 Ba3 86. Kd5 a5 87. Rg6+ Ka7 88. bxa5 b4 89. Kc4 Kb7 90. Kb5 b3 91. Rg7+ Kc8 92.
Kc6 Kb8 93. Kb6 Kc8 94. a6 b2 95. Rg8+ Kd7 96. Rg1 Kd6 97. Rb1 Bc5+ 98. Kb5 Kd5 99. Rxb2 Bd4 100. Rd2 Ke4 101. Rxd4+ Kxd4 102. a7 1-0

[Event "Late-Titled-Tuesday-Blitz-March-12-2024"]
[Site "Chess.com"]
[Date "2024.03.12"]
[Round "6"]
[White "kingofthenil"]
[Black "djano"]
[Result "1-0"]
[WhiteElo "2767"]
[BlackElo "2585"]
[TimeControl "180+1"]
[EndTime "15:08:05 PDT"]
[Termination "kingofthenil won by checkmate"]

1. e4 c5 2. d3 Nc6 3. g3 h5 4. Nf3 e6 5. Bg2 Be7 6. h3 d6 7. O-O e5 8. c3 g5 9. Nfd2 g4 10.
h4 Bxh4 11. gxh4 Qxh4 12. Nc4 Ke7 13. Re1 Nf6 14. Nbd2 Qg5 15. Nf3 Qg8 16. Nh4 g3 17. Qf3 gxf2+ 18. Qxf2 Ng4 19. Nf5+ Kd8 20. Qh4+ Kc7 21.
Nfxd6 Be6 22. Nb5+ Kb8 23. Be3 a6 24. Nbd6 b5 25.
Nb6 Ra7 26. Bxc5 Rh7 27. Nd5 Rd7 28. Nf5 Bxf5 29. exf5 Rxd5 30. Bxd5 Ne3+ 31. Kh2 Nxd5 32. Rg1 Rg7 33. Rxg7 Qxg7 34. Rg1 Qh6 35. Qe4 Nf6 36. Qe3 Qxe3 37. Bxe3 Ng4+ 38. Rxg4 hxg4 39. Kg3 Kc7 40. Kxg4 Kd6 41. Kg5 Ne7 42. c4 bxc4 43. dxc4 Nc6 44.
Kf6 Nb4 45. Kxf7 e4 46. Kg8 Ke5 47. Kf7 Kxf5 48. c5 Ke5 49. a3 Nc2 50. Bg5 Kd5 51.
b4 Nxa3 52. Ke7 Nc2 53. Bd2 e3 54. Bc3 e2 55. Kd7 Nd4 56. Bd2 Nc6 57. Kc7 Ne5 58. Kb7 Nc4 59. Be1 a5 60. bxa5 Kxc5 61. a6 Nb6 62.
Bf2+ Kb5 63. Be1 Na4 64. a7 Nc5+ 65. Kc8 Nd3 66. a8=Q Nxe1 67. Qd5+ Kb4 68. Qe4+ Kc3 69. Qxe2 Nd3 70. Qe3 Kc4 71. Qh6 Nc5 72. Qh4+ Kd5 73. Qh3 Ne4 74. Qf5+ Kd4 75. Kc7 Nc3 76. Qf6+ Kc4 77.
Kc6 Ne4 78. Qe6+ Kd4 79. Qd5+ Ke3 80. Qc4 Nd2 81. Qc3+ Ke2 82. Kd5 Nf3 83. Ke4 Nd2+ 84. Kf4 Nf1 85. Qf3+ Ke1 86. Qg2 Nd2 87. Ke3 Nc4+ 88.
Kd3 Ne5+ 89. Ke4 Nc4 90. Qc2 Nd2+ 91. Ke3 Nf1+ 92. Ke4 Nd2+ 93. Kd3 Nf1 94. Qe2# 1-0

[Event "Late-Titled-Tuesday-Blitz-March-12-2024"]
[Site "Chess.com"]
[Date "2024.03.12"]
[Round "6"]
[White "Szparu"]
[Black "Slovak_fighter2000"]
[Result "1/2-1/2"]
[WhiteElo "2793"]
[BlackElo "2613"]
[TimeControl "180+1"]
[EndTime "15:08:12 PDT"]
[Termination "Game drawn - insufficient material"]

1. d4 Nf6 2. c4 e6 3. Nf3 b6 4.
a3 Ba6 5. Qc2 c5 6. dxc5 Bxc5 7.
b4 Be7 8. e3 O-O 9. Nbd2 Bb7 10.
Bb2 Nc6 11. Bd3 Rc8 12. O-O Qc7 13. Rac1 Qb8 14. Bxf6 Bxf6 15. Bxh7+ Kh8 16. Bd3 Ne5 17. Be2 d5 18. Nxe5 Qxe5 19. Bf3 Ba8 20. Qd3 Rcd8 21.
c5 bxc5 22. bxc5 Bc6 23. g3 Rb8 24. Rfe1 g6 25. Bg2 Kg7 26. Nf3 Qc7 27. Nd4 Rb2 28.
Rb1 Rfb8 29. Rxb2 Rxb2 30. Rb1 Rxb1+ 31. Qxb1 Bd7 32. Qb4 Be7 33. Qc3 Kg8 34. c6 e5 35.
Nb5 Qxc6 36. Qxc6 Bxc6 37. Nxa7 Bd7 38. Bxd5 Bc5 39. Nc6 Bxc6 40. Bxc6 Bxa3 41. h4 f6 42. Be8 Kg7 43. Kg2 Be7 44. g4 f5 45. g5 e4 46.
Kf1 Bd6 47. Ke2 Be5 48. Kd2 Bc7 49.
Kc2 Ba5 50. Kd1 Bb4 51. Ke2 Ba5 52. f4 exf3+ 53. Kxf3 Be1 54. h5 gxh5 55. Bxh5 Bd2 56.
Kf4 Bc1 57. Bd1 Bd2 58. Bc2 Bc1 59. Bxf5 Bb2 60. e4 Bc1+ 61. Kg4 Bb2 62. Bd7 Ba3 63. Kf5 Be7 64. Be8 Bd8 65. Bh5 Be7 66. e5 Bd8 67.
e6 Be7 68. Bf7 Bd8 69. g6 Be7 70. Ke5 Kf8 71. Kd5 Kg7 72. Kc6 Kf8 73. Kd7 Ba3 74. Be8 Bb4 75. Kd8 Be7+ 76. Kd7 Ba3 77. Bf7 Bb4 78. Kd8 Be7+ 79. Kc7 Ba3 80. Kc6 Be7 81. Kb7 Ba3 82. Kb6 Be7 83. Kb5 Bd6 84. Kc4 Be7 85. Kd5 Ba3 86. Ke4 Bb4 87. Kf5 Ba3 88. Kg5 Bc1+ 89. Kh5 Bb2 90. Kh6 Bg7+ 91. Kh7 Bf6 92.
Bg8 Be5 93. Kh6 Bg7+ 94. Kh7 Be5 95. Bf7 Bf6 96. e7+ Kxe7 97. g7 Bxg7 1/2-1/2

[Event "Late-Titled-Tuesday-Blitz-March-12-2024"]
[Site "Chess.com"]
[Date "2024.03.12"]
[Round "6"]
[White "lucasran"]
[Black "Moultino06"]
[Result "0-1"]
[WhiteElo "2609"]
[BlackElo "2817"]
[TimeControl "180+1"]
[EndTime "15:08:38 PDT"]
[Termination "Moultino06 won by checkmate"]

1. Nf3 g6 2. c4 Bg7 3. d4 d6 4.
e4 Bg4 5. Be2 Nc6 6. Be3 Nf6 7.
Nc3 Bxf3 8. Bxf3 e5 9. d5 Nd4 10. Bxd4 exd4 11. Qxd4 O-O 12. Qd2 Re8 13. O-O h5 14.
Rfe1 Nh7 15. g3 a6 16. a4 a5 17. Bg2 h4 18. Rad1 Qf6 19. Qc2 Nf8 20. Bh3 Qe7 21. f4 Nd7 22. Bxd7 Qxd7 23. Kg2 Ra6 24. b3 Qg4 25.
Rd3 Re7 26. Qe2 Qd7 27. Qc2 Ra8 28. Rde3 Rae8 29. Qd3 Qg4 30. h3 Qd7 31. g4 f5 32.
gxf5 gxf5 33. exf5 Rxe3 34. Rxe3 Rxe3 35. Qxe3 Qxf5 36.
Ne4 Bh6 37. Kf3 Qxh3+ 38. Ke2 Qxe3+ 39. Kxe3 h3 40. Kf3 h2 41. Ng3 Kf7 42. Kg4 Kf6 43. Nh1 Kg6 44. Nf2 c6 45. Nh1 cxd5 46.
cxd5 Kf6 47. Nf2 b6 48. Nh1 Kf7 49. Nf2 Ke7 50. Kf5 Kf8 51. Nh1 Kf7 52. Ng3 Ke7 53.
Kg4 Kf7 54. Nh1 Kf6 55. Nf2 Kg6 56. Nh1 Bg7 57. Kg3 Kf5 58. Kf3 Bh6 59. Ng3+ Kg6 60. Kg4 Kf6 61. Nh1 Bf8 62. Nf2 Kg7 63. Kg5 Be7+ 64.
Kg4 Bd8 65. Nh1 Kf6 66. Ng3 Kg6 67. Nh1 Bf6 68. Ng3 Bd4 69. Kh3 Be3 70. Kg4 Bf2 71. Nh1 Be1 72. Kf3 Kf5 73. Ke2 Bh4 74. Kf3 Be1 75. Ke2 Kxf4 76. Kxe1 Ke4 77. Ke2 Kxd5 78. Kd3 Kc5 79. Kc3 d5 80. Nf2 d4+ 81. Kb2 Kd5 82. Kc2 Ke5 83. Kd3 Kd5 84. Nh1 Kc5 85.
Kc2 Kb4 86. Nf2 Ka3 87. Nh1 d3+ 88. Kxd3 Kxb3 89. Nf2 Kxa4 90. Kc2 b5 91. Kb2 b4 92.
Ka2 Kb5 93. Kb3 a4+ 94. Kb2 Kc4 95. Kc2 a3 96. Kb1 b3 97. Ka1 Kc3 98. Nd1+ Kc2 99. Nf2 b2+ 100. Ka2 b1=Q+ 101. Kxa3 Qb3# 0-1

[Event "Late-Titled-Tuesday-Blitz-March-12-2024"]
[Site "Chess.com"]
[Date "2024.03.12"]
[Round "6"]
[White "KNVB"]
[Black "Boundless_Strike"]
[Result "1/2-1/2"]
[WhiteElo "2772"]
[BlackElo "2607"]
[TimeControl "180+1"]
[EndTime "15:09:16 PDT"]
[Termination "Game drawn by repetition"]

1. e4 d6 2. Nf3 e5 3. d4 Bg4 4. dxe5 Nc6 5. Bb5 Qd7 6. Nc3 O-O-O 7. Bg5 Be7 8. Bxe7 Ngxe7 9. exd6 Qe8 10. Qe2 Rxd6 11. Qe3 a6 12. Bxc6 Nxc6 13. O-O h5 14.
Rad1 Rdh6 15. Rd2 g5 16. Nd5 Re6 17. Nxg5 Rg6 18. Qf4 Ne5 19. f3 Bd7 20. Nf6 Qe7 21.
Nxd7 Nxd7 22. Qxf7 Qxg5 23. Qxd7+ Kb8 24. Rff2 Rhg8 25.
Kf1 h4 26. h3 Qg3 27. Qd4 Qh2 28. Rd1 Rxg2 29. Rxg2 Qxg2+ 30. Ke1 Qxf3 31. Kd2 Qf4+ 32. Kc3 Re8 33. e5 Qg5 34. Rd3 b6 35. b3 Rxe5 36.
Qd8+ Kb7 37. Qxg5 Rxg5 38. Rd4 Rg3+ 39. Rd3 c5 40. Kd2 Rg2+ 41. Kc3 Kc6 42. Rf3 Rg3 43.
Rd3 b5 44. Kd2 Rg2+ 45. Kc1 b4 46. Re3 Rg3 47. Kd2 Rg2+ 48. Re2 Rg3 49. Re3 Rg5 50. Re4 Rg2+ 51. Kc1 Rh2 52. Rxh4 Kb5 53. Kb2 a5 54. Rh8 a4 55. Rb8+ Ka5 56. Ra8+ Kb5 57. Rxa4 Rxh3 58. Ra8 Rh2 59. Rb8+ Ka5 60. Ra8+ Kb5 61. Rb8+ Ka5 62.
Rd8 Kb5 63. Rd5 Kc6 64. Rf5 Kb5 65. Re5 Rd2 66. Kc1 Rh2 67. Kd1 Rg2 68. Re2 Rg1+ 69. Re1 Rg2 70. Kc1 Rh2 71. Rd1 Rg2 72. Rd2 Rg1+ 73.
Kb2 Rg3 74. Rf2 Rh3 75. Rg2 Rf3 76. Rh2 Rg3 77. a4+ bxa3+ 78. Kxa3 Rf3 79. c4+ Kc6 80. Rh6+ Kb7 81. Ka4 Rg3 82. Rf6 Rh3 83. Rf7+ Kb6 84. Rf6+ Kb7 85. Rg6 Kc7 86. Rg7+ Kc6 87. Rg6+ Kb7 88.
Rg5 Kb6 89. Rg1 Rh6 90. Rg5 Rh3 91. Rd5 Kc6 92. Rd2 Rh8 93. Ka3 Ra8+ 94. Kb2 Rh8 95. Rg2 Rh3 96. Rg6+ Kb7 97. Re6 Kc7 98. Ka3 Kb7 99.
Ka4 Kc7 100. Re1 Kc6 101. Rf1 Kb6 102. Rf6+ Kc7 103. Ra6 Kb7 104. Ra5 Kb6 105. Rb5+ Kc6 106. Ka5 Rh1 107. Rb6+ Kc7 108. Kb5 Rh3 109. Rc6+ Kb7 110. Rb6+ Kc7 111. Ka5 Rg3 112. Rf6 Rh3 113. Rb6 Rg3 114. Ka6 Rh3 115. Rb5 Kc6 116. Rb6+ Kc7 117. Rb7+ Kc6 118. Rb5 Rg3 119. Ka7 Rh3 120. Rb6+ Kc7 121. Rb7+ Kc6 122. Rb8 Kc7 123. Rb6 Rg3 124. Ka6 Rh3 1/2-1/2

[Event "Late-Titled-Tuesday-Blitz-March-12-2024"]
[Site "Chess.com"]
[Date "2024.03.12"]
[Round "7"]
[White "Igor_Lysyj"]
[Black "SaqoChess_Twitch"]
[Result "0-1"]
[WhiteElo "2815"]
[BlackElo "2665"]
[TimeControl "180+1"]
[EndTime "15:10:38 PDT"]
[Termination "SaqoChess_Twitch won by resignation"]

1. d4 d5 2. c4 e6 3. Nc3 Nf6 4.
Bg5 Be7 5. e3 O-O 6. Nf3 h6 7.
Bxf6 Bxf6 8. Rc1 b6 9. cxd5 exd5 10. Qb3 Bb7 11. g3 c5 12. dxc5 d4 0-1

[Event "Late-Titled-Tuesday-Blitz-March-12-2024"]
[Site "Chess.com"]
[Date "2024.03.12"]
[Round "7"]
[White "simaopdias"]
[Black "kinga2008"]
[Result "1-0"]
[WhiteElo "2278"]
[BlackElo "2429"]
[TimeControl "180+1"]
[EndTime "15:11:42 PDT"]
[Termination "simaopdias won by resignation"]

1. e4 c5 2. Nf3 Nc6 3. d4 cxd4 4. Nxd4 e5 5. Nb5 a6 6. Nd6+ Bxd6 7. Qxd6 Qf6 8. Qc7 Nge7 9. Nc3 b5 10. Be3 O-O 11.
O-O-O Rb8 12. Nd5 Nxd5 13. Rxd5 Rb7 14. Qd6 Qxd6 15. Rxd6 Rd8 16. Be2 Rb8 17. Rhd1 f6 18.
Rxc6 1-0

[Event "Late-Titled-Tuesday-Blitz-March-12-2024"]
[Site "Chess.com"]
[Date "2024.03.12"]
[Round "7"]
[White "scrambleyourbrain"]
[Black "djano"]
[Result "0-1"]
[WhiteElo "2407"]
[BlackElo "2589"]
[TimeControl "180+1"]
[EndTime "15:11:45 PDT"]
[Termination "djano won by resignation"]

1. e4 c5 2. Nf3 Nc6 3. d4 cxd4 4. Nxd4 g6 5. c4 e5 6. Nb5 d6 7. Be3 Nf6 8. f3 a6 9. N5c3 Bg7 10. Nd5 Nxd5 11. cxd5 Nd4 12. Nc3 O-O 13. Bd3 Qh4+ 14. Bf2 Qg5 15. g3 Bh3 16. Bxd4 exd4 17. Ne2 Bg2 18.
Rg1 Bxf3 19. Qd2 Qe3 20. O-O-O Bh6 0-1

[Event "Late-Titled-Tuesday-Blitz-March-12-2024"]
[Site "Chess.com"]
[Date "2024.03.12"]
[Round "7"]
[White "IPAchess"]
[Black "santosalberto1987"]
[Result "1-0"]
[WhiteElo "2362"]
[BlackElo "2526"]
[TimeControl "180+1"]
[EndTime "15:11:46 PDT"]
[Termination "IPAchess won by resignation"]

1. d4 Nf6 2. c4 d6 3. Nf3 Bf5 4. Nc3 Ne4 5. Qb3 b6 6. g3 Nd7 7. Bg2 Nxc3 8. bxc3 Be4 9. O-O g6 10. a4 a5 11. c5 dxc5 12. Ng5 1-0

[Event "Late-Titled-Tuesday-Blitz-March-12-2024"]
[Site "Chess.com"]
[Date "2024.03.12"]
[Round "7"]
[White "agus_k"]
[Black "Incognizance"]
[Result "1-0"]
[WhiteElo "2576"]
[BlackElo "1838"]
[TimeControl "180+1"]
[EndTime "15:11:58 PDT"]
[Termination "agus_k won by resignation"]

1. e4 c5 2. Nf3 Nc6 3. d4 cxd4 4. Nxd4 e5 5. Nb5 d6 6. N1c3 a6 7. Na3 b5 8. Nd5 Nge7 9. c4 Nd4 10. Bd3 bxc4 11.
Nxc4 Nxd5 12. exd5 f5 13. f4 Be7 14. O-O O-O 15. fxe5 dxe5 16. Nxe5 Qxd5 17. Bc4 1-0

[Event "Late-Titled-Tuesday-Blitz-March-12-2024"]
[Site "Chess.com"]
[Date "2024.03.12"]
[Round "7"]
[White "Zampronha1971"]
[Black "Bugcrusher"]
[Result "0-1"]
[WhiteElo "2338"]
[BlackElo "2536"]
[TimeControl "180+1"]
[EndTime "15:12:05 PDT"]
[Termination "Bugcrusher won by resignation"]

1. e4 c6 2. d4 d5 3. e5 c5 4. Nf3 cxd4 5. Nxd4 Nc6 6. c4 e6 7.
Nxc6 bxc6 8. Nc3 Ne7 9. Bd3 Ng6 10. Qe2 Qc7 11. f4 Bc5 12. Be3 d4 13. Ne4 dxe3 14. Nxc5 Qa5+ 0-1

[Event "Late-Titled-Tuesday-Blitz-March-12-2024"]
[Site "Chess.com"]
[Date "2024.03.12"]
[Round "7"]
[White "MaiqMaster"]
[Black "subham777"]
[Result "1-0"]
[WhiteElo "2428"]
[BlackElo "2544"]
[TimeControl "180+1"]
[EndTime "15:12:25 PDT"]
[Termination "MaiqMaster won by resignation"]

1. e4 e6 2. d4 d5 3. Nc3 Nf6 4. Bg5 Be7 5. e5 Nfd7 6. h4 h6 7. Bxe7 Qxe7 8. f4 a6 9. Nf3 c5 10. Qd2 O-O 11. O-O-O c4 12. g4 b5 13. f5 b4 14. Ne2 Kh7 15. f6 gxf6 16. g5 fxe5 17. gxh6 e4 18. Ng5+ Kh8 19. Nf4 Nc6 20. Ngxe6 fxe6 21. Ng6+ Kh7 22. Nxe7 Nxe7 23. Bh3 Nf5 24. Qg5 Rf7 25.
Bxf5+ exf5 26. Rhg1 1-0

[Event "Late-Titled-Tuesday-Blitz-March-12-2024"]
[Site "Chess.com"]
[Date "2024.03.12"]
[Round "7"]
[White "Walter_White_Poland"]
[Black "gxbg2000"]
[Result "1-0"]
[WhiteElo "2355"]
[BlackElo "2051"]
[TimeControl "180+1"]
[EndTime "15:12:31 PDT"]
[Termination "Walter_White_Poland won by checkmate"]

1. e4 e5 2. Nf3 Nc6 3. Bb5 d6 4. d4 exd4 5. Nxd4 Bd7 6. Bxc6 bxc6 7. Nc3 c5 8. Nf5 Qf6 9. Nd5 Qd8 10. O-O g6 11. Re1 Be6 12. Bf4 Nf6 13. Bg5 Bxd5 14. exd5+ Kd7 15. Qf3 h6 16. Nxh6 Rxh6 17. Bxf6 Qb8 18.
Qg4# 1-0

[Event "Late-Titled-Tuesday-Blitz-March-12-2024"]
[Site "Chess.com"]
[Date "2024.03.12"]
[Round "7"]
[White "Kildepiotr"]
[Black "WilsonPalencia21"]
[Result "1-0"]
[WhiteElo "2705"]
[BlackElo "2555"]
[TimeControl "180+1"]
[EndTime "15:12:32 PDT"]
[Termination "Kildepiotr won by resignation"]

1. Nf3 c5 2. g3 g6 3. Bg2 Bg7 4. O-O Nc6 5. c3 e5 6. e4 Nge7 7. Na3 O-O 8. d3 d6 9. Be3 f5 10.
Ng5 Qe8 11. Nb5 f4 12. Bd2 Bf6 13. Qb3+ Kg7 14. Nc7 Na5 15. Nxe8+ 1-0

[Event "Late-Titled-Tuesday-Blitz-March-12-2024"]
[Site "Chess.com"]
[Date "2024.03.12"]
[Round "7"]
[White "Englishman_18"]
[Black "SameerMujumdar"]
[Result "0-1"]
[WhiteElo "2268"]
[BlackElo "2527"]
[TimeControl "180+1"]
[EndTime "15:13:12 PDT"]
[Termination "SameerMujumdar won by checkmate"]

1. Nf3 Nf6 2. c4 c6 3. g3 d5 4.
Bg2 e6 5. b3 Nbd7 6. d4 Bd6 7.
Bb2 Ne4 8. Nbd2 f5 9. O-O Qf6 10. Ne1 h5 11. Ndf3 h4 12. Nd3 hxg3 13. fxg3 Qh6 14.
Bc1 g5 15. h4 Bxg3 16. hxg5 Qh2+ 17. Nxh2 Bxh2+ 18. Kh1 Ng3# 0-1

[Event "Late-Titled-Tuesday-Blitz-March-12-2024"]
[Site "Chess.com"]
[Date "2024.03.12"]
[Round "7"]
[White "Fh2411"]
[Black "ITheOnlyME"]
[Result "1-0"]
[WhiteElo "2656"]
[BlackElo "2417"]
[TimeControl "180+1"]
[EndTime "15:13:13 PDT"]
[Termination "Fh2411 won by resignation"]

1. d4 Nf6 2. Nf3 g6 3. Bf4 d5 4.
e3 Bg7 5. h3 c5 6. c3 Nc6 7. Nbd2 O-O 8. dxc5 a5 9. a4 Nd7 10.
Nb3 e5 11. Bg5 f6 12. Qxd5+ Kh8 13. Bh4 Ne7 14. Qc4 Nf5 15. Rd1 Qc7 16. e4 Nxh4 17.
Nxh4 Re8 18. Qf7 Rf8 19. Qe7 f5 20. Nf3 fxe4 21. Ng5 h6 22. Ne6 1-0

[Event "Late-Titled-Tuesday-Blitz-March-12-2024"]
[Site "Chess.com"]
[Date "2024.03.12"]
[Round "7"]
[White "OverallStranger"]
[Black "Malev212"]
[Result "0-1"]
[WhiteElo "2383"]
[BlackElo "2610"]
[TimeControl "180+1"]
[EndTime "15:13:19 PDT"]
[Termination "Malev212 won by resignation"]

1. e4 c5 2. Nc3 e6 3. f4 a6 4. g3 b5 5. Bg2 Bb7 6. d3 Nf6 7. Nh3 d6 8. O-O Nbd7 9. g4 h6 10. g5 hxg5 11. fxg5 Nh5 12. Qf3 Ne5 13. Qe2 g6 14.
Nf4 Bg7 15. Nxh5 Rxh5 16. Bf4 Rxg5 17. Bxg5 Qxg5 18. Qf2 O-O-O 19. Qg3 Qh5 20. Rf2 Rh8 21. Ne2 g5 22. h3 g4 23. Nf4 Qh4 24. Qxh4 Rxh4 25. hxg4 Nxg4 26. Rf3 Bxb2 27. Raf1 Bd4+ 28. R1f2 Nxf2 29. Rxf2 Rxf4 0-1

[Event "Late-Titled-Tuesday-Blitz-March-12-2024"]
[Site "Chess.com"]
[Date "2024.03.12"]
[Round "7"]
[White "muchojogo"]
[Black "zano2023"]
[Result "1-0"]
[WhiteElo "2540"]
[BlackElo "2213"]
[TimeControl "180+1"]
[EndTime "15:13:33 PDT"]
[Termination "muchojogo won by resignation"]

1. Nf3 d6 2. g3 e5 3. d3 Nf6 4. Bg2 Be7 5. O-O O-O 6. c4 c6 7.
Nc3 Re8 8. Rb1 Nbd7 9. b4 Nf8 10.
b5 Bd7 11. bxc6 bxc6 12. Bd2 h6 13. Rb7 Qc8 14. Qb3 Bh3 15. Rb1 Bxg2 16. Kxg2 Ng6 17.
Qa4 Qg4 18. Qxc6 Nh5 19. Nd5 Bg5 20. h3 Qf5 21. e4 Qe6 22. Bxg5 hxg5 23. Nxg5 1-0

[Event "Late-Titled-Tuesday-Blitz-March-12-2024"]
[Site "Chess.com"]
[Date "2024.03.12"]
[Round "7"]
[White "Danito1954"]
[Black "reevecanada"]
[Result "0-1"]
[WhiteElo "2330"]
[BlackElo "2647"]
[TimeControl "180+1"]
[EndTime "15:13:37 PDT"]
[Termination "reevecanada won by checkmate"]

1. e4 c5 2. c3 Nc6 3. d4 cxd4 4. cxd4 d5 5. exd5 Qxd5 6. Nf3 Bg4 7. Nc3 Bxf3 8. gxf3 Qxd4 9. Qxd4 Nxd4 10. Nb5 Nc2+ 11. Kd1 Nxa1 12. Nc7+ Kd7 13. Nxa8 e5 14. Be3 Nf6 15.
Bxa7 Bc5 16. Bxc5 Rxa8 17. Bb5+ Kc7 18. Ba3 Kb6 19. Bd3 Rd8 20. Ke2 Nd5 21. Bb1 Nf4+ 22. Ke3 g6 23. h4 f5 24. Rg1 Rd4 25. b3 Nd5+ 26. Ke2 Nc3+ 27. Ke3 f4# 0-1

[Event "Late-Titled-Tuesday-Blitz-March-12-2024"]
[Site "Chess.com"]
[Date "2024.03.12"]
[Round "7"]
[White "FMYiLiu"]
[Black "Veleamater"]
[Result "0-1"]
[WhiteElo "2488"]
[BlackElo "2327"]
[TimeControl "180+1"]
[EndTime "15:14:01 PDT"]
[Termination "Veleamater won by resignation"]

1. d4 Nf6 2. Nf3 g6 3. Nc3 Bg7 4. e4 O-O 5. e5 Ne8 6. h4 d6 7. Bf4 Nc6 8. Be2 Bf5 9. h5 dxe5 10. dxe5 Nb4 11. Rc1 c6 12. h6 Bh8 13. a3 Nd5 14. Nxd5 cxd5 15. Nd4 Qd7 16. Nxf5 Qxf5 17. Qd4 Nc7 18. Bd3 Ne6 19. Bxf5 Nxd4 20. Bd3 Nc6 21. O-O Bxe5 22. Bxe5 Nxe5 23. Rfe1 Nc6 24. g4 e5 25. Bb5 Nd4 26. Rxe5 Nf3+ 0-1

[Event "Late-Titled-Tuesday-Blitz-March-12-2024"]
[Site "Chess.com"]
[Date "2024.03.12"]
[Round "7"]
[White "PNEPaul"]
[Black "Mysterio47"]
[Result "0-1"]
[WhiteElo "1955"]
[BlackElo "2739"]
[TimeControl "180+1"]
[EndTime "15:14:24 PDT"]
[Termination "Mysterio47 won by resignation"]

1. e4 c5 2. Nf3 e6 3. d4 cxd4 4. c3 dxc3 5. Nxc3 Nc6 6. Bf4 d6 7. Bd3 Nf6 8. Qe2 Be7 9. Rd1 e5 10. Be3 O-O 11. h3 Be6 12. O-O a6 13. Ng5 Qd7 14.
Nxe6 fxe6 15. f4 exf4 16. Bxf4 e5 17. Bg5 Nd4 18. Qe1 Kh8 19. Bxf6 Rxf6 20. Rxf6 Bxf6 21.
Nd5 Rf8 22. Qd2 Bd8 23. Rf1 Rxf1+ 24. Bxf1 b5 25. Qf2 Qe8 26. a4 h6 27. axb5 axb5 28. Qd2 Qg6 29. Bd3 Nf3+ 0-1

[Event "Late-Titled-Tuesday-Blitz-March-12-2024"]
[Site "Chess.com"]
[Date "2024.03.12"]
[Round "7"]
[White "AlexandreHouhou"]
[Black "ACollins05"]
[Result "1-0"]
[WhiteElo "2361"]
[BlackElo "2533"]
[TimeControl "180+1"]
[EndTime "15:14:27 PDT"]
[Termination "AlexandreHouhou won by checkmate"]

1. e4 a6 2. d4 b5 3. Bd3 Bb7 4. Nf3 e6 5. O-O c5 6. c3 d6 7. Qe2 Be7 8. dxc5 dxc5 9. e5 Nd7 10. Nbd2 Nh6 11. Ne4 Nf5 12. g4 Nh4 13. Nxh4 Bxh4 14. Nd6+ Ke7 15. Nxb7 Qc7 16. Nd6 Nxe5 17. Qxe5 Qxd6 18.
Qxd6+ Kxd6 19. g5 f6 20. f4 e5 21. Kg2 exf4 22. Bxf4+ Ke7 23. gxf6+ Bxf6 24. Rae1+ Kf7 25. Be5 Rad8 26. Bxf6 gxf6 27. Rf3 Rhg8+ 28. Kf2 Rg5 29. h4 Rh5 30. Kg3 c4 31. Bf5 Rd2 32. Be6+ Kf8 33.
Rxf6+ Kg7 34. Rf7+ Kg6 35. Ref1 Rd3+ 36. Kg4 Re5 37.
R1f6# 1-0